 Dungeon Crawl Stone Soup version 0.27-a0-660-g90476cec82 (webtiles) character file.

Game seed: 6452887601131584192

9425 shoop the Cleaver (level 11, -2/85 (88) HPs)
             Began as a Palentonga Abyssal Knight on Mar 16, 2021.
             Was a Priest of Lugonu.
             Slain by an orc warrior
             ... wielding a +0 trident
             ... led by Saint Roka
              (15 damage)
             ... on level 2 of the Orcish Mines.
             The game lasted 00:49:17 (19303 turns).

shoop the Cleaver (Palentonga Abyssal Knight)      Turns: 19303, Time: 00:49:21

HP:   -2/85 (88)    AC: 20    Str: 19    XL:     11   Next: 22%
MP:   0/18          EV:  8    Int: 12    God:    Lugonu [***...]
Gold: 1282          SH:  0    Dex: 10    Spells: 10/10 levels left

rFire    . . .     SeeInvis +   a - +1 hand axe
rCold    . . .     Faith    .   (no shield)
rNeg     . . .     Spirit   +   s - +2 robe {Will+}
rPois    +         Reflect  .   (no helmet)
rElec    .         Harm     .   H - +0 cloak
rCorr    .         Rampage  .   L - +0 pair of gloves
Will     +....                  q - +1 barding {Stlth+}
Stlth    ++........             r - amulet of guardian spirit
HPRegen  0.24/turn              v - ring of poison resistance
MPRegen  0.16/turn              (no ring)

@: lightly drained, curled up
A: large, rugged brown scales 3, see invisible, deformed body, roll 1, armoured
tail, reflexive curl
a: Rolling Charge, Renounce Religion, Depart the Abyss, Bend Space, Banish


You were on level 2 of the Orcish Mines.
You worshipped Lugonu.
Lugonu was most pleased with you.
You visited 3 branches of the dungeon, and saw 14 of its levels.
You visited the Abyss 1 time.
You also visited: Sewer.

You collected 1282 gold pieces.

Inventory:

Hand Weapons
 a - a +1 hand axe (weapon)
 E - a -1 executioner's axe
Missiles
 t - 12 poisoned darts (quivered)
 u - 7 javelins
 z - 7 silver boomerangs
 G - 6 boomerangs
 M - 7 silver javelins
Armour
 b - a +0 leather armour
 q - a +1 barding of stealth (worn)
 s - a +2 robe of willpower (worn)
 H - a +0 cloak (worn)
 K - a +1 robe of resistance
 L - a +0 pair of gloves (worn)
Jewellery
 r - an amulet of guardian spirit (around neck)
 v - a ring of poison resistance (right hand)
Wands
 j - a wand of flame (24)
 y - a wand of polymorph (11)
 C - a wand of acid (11)
 J - a wand of mindburst (7)
Scrolls
 c - a scroll of enchant weapon {unknown}
 d - a scroll of fear
 g - 6 scrolls of teleportation
 m - 3 scrolls of amnesia {unknown}
 w - 2 scrolls of magic mapping {unknown}
 B - a scroll of blinking
 I - a scroll of random uselessness
Potions
 e - 2 potions of heal wounds {unknown}
 f - a potion of resistance
 h - a potion of ambrosia
 i - a potion of cancellation
 k - a potion of brilliance
 l - 2 potions of mutation
 n - a potion of degeneration
 o - 6 potions of flight
 p - a potion of invisibility
 x - 2 potions of lignification {unknown}
 A - 2 potions of magic {unknown}
 D - 3 potions of curing
 F - a potion of attraction


   Skills:
 + Level 3.7 Fighting
 - Level 14.0 Axes
 - Level 1.0 Throwing
 - Level 1.5 Armour
 + Level 1.8 Dodging
 - Level 10.0 Invocations
 + Level 2.8 Evocations


You had 10 spell levels left.
You didn't know any spells.
Your spell library contained the following spells:

 Spells                   Type           Power      Damage    Failure   Level
 Animate Skeleton         Necr           0%         N/A       32%         1
 Apportation              Tloc           0%         N/A       32%         1
 Corona                   Hex            0%         N/A       32%         1
 Magic Dart               Conj           0%         1d3       32%         1
 Summon Small Mammal      Summ           0%         N/A       32%         1
 Searing Ray              Conj           0%         3d3       45%         2
 Dazzling Flash           Conj/Hex       0%         N/A       69%         3
 Fulminant Prism          Conj/Hex       0%         3d6       97%         4
 Iskenderun's Mystic Bla  Conj/Tloc      0%         2d3       97%         4


Dungeon Overview and Level Annotations

Branches:
Dungeon (11/15)            Temple (0/1) D:7            Lair (1/6) D:9
    Orc (2/2) D:10            Elf (0/3) Orc:2         Sewer (visited)

Altars:
Ashenzari
Cheibriados
Elyvilon
Fedhas
Makhleb
Nemelex Xobeh
Sif Muna
Trog
Xom
Beogh

Portals:
Trove: D:10 (give 6 potions of haste)

Annotations:
D:3 Eustachio
D:8 exclusions: water moccasin and yak
D:9 2 transporters, exclusions: 2 orcs and orc warrior, greynaab's ghost, novice GnAr
D:10 2 transporters, Grognak's ghost, journeyman OpCK
Orc:2 corrupted, Saint Roka


Innate Abilities, Weirdness & Mutations

You are completely covered in rugged brown scales. (AC +3, +7% HP)
You have supernaturally acute eyesight. (SInv)
Armour fits poorly on your strangely shaped body.
You can roll at nearby foes to attack.
You have a long armoured tail.
You curl defensively after being hit.


Message History

The ufetubus closely misses the orc high priest.
The ufetubus hits the orc.
The ufetubus barely misses the orc.
The orc knight closely misses the small abomination.
The orc warrior hits the large abomination with a +0 hand axe!
The orc priest barely misses the white imp.
The orc knight roars a battlecry!
Saint Roka goes into a battle-frenzy!
The small abomination hits the orc high priest!
The orc warrior hits you from afar with a +0 trident!!
* * * LOW HITPOINT WARNING * * *
The white imp barely misses the orc priest.
The neqoxec hits something.
The white imp gestures at the orc sorcerer.
The puff of frost hits the orc sorcerer.
The orc priest shouts!
The ufetubus hits the orc.
The ufetubus closely misses the orc.
The ufetubus barely misses the orc high priest. x2
The guardian serpent hits the orc priest!
Something hits the large abomination but does no damage.
The orc high priest completely misses the ufetubus.
The large abomination barely misses something.
The orc sorcerer hits the small abomination with a +0 dagger!
The orc sorcerer hits the small abomination with a +0 dagger.
The large abomination hits the orc wizard!
The orc wizard misses the ufetubus.
The orc knight hits the small abomination with a +0 broad axe.
The orc knight barely misses the large abomination.
The small abomination hits the orc sorcerer.
The large abomination hits the orc warrior but does no damage.
The orc priest calls down the wrath of Beogh upon the guardian serpent.
The guardian serpent is smitten.
The large abomination hits the orc knight but does no damage.
The small abomination hits the orc high priest!
The orc knight misses the ufetubus.
The orc knight hits the crimson imp but does no damage.
The orc knight hits the quasit with a +0 battleaxe!!
The quasit dies!
The orc knight hits the starcursed mass with a +0 battleaxe!
The orc warrior hits you from afar with a +0 trident!
You die...

..... ##...# #.....). #...
##### #### ##..##... #...
###..###...#.... #8#.. ##
#.....##........ ....##h
#.......)........ ....#..
##x.##..##........ ..oX.4.
#.....).###...#...
..#oo.W###.3...####...##..
..ooxo55.@4#.....#....###.
.oXoo))..5.5.#.......## ##
._.ooxXooX...........# ##
..#oo5..5.........#.## ##.
....o5#....##...##### #..
....Xo.####.#....# ##.
.....S# .##...# #.. .3..#.
#.##... ##. o...## ###.#
##


You could see Saint Roka (strong), 2 orc knights, an orc high priest (strong), 2
orc sorcerers, 3 orc warriors, 2 orc priests, 2 orc wizards, 3 orcs, a neutral
starcursed mass (summoned), a neutral orange demon (summoned), 4 neutral large
abominations, a neutral guardian serpent (summoned), a neutral smoke demon
(summoned), a neutral wraith (summoned), 3 neutral small abominations, a neutral
quasit (summoned), a neutral crimson imp (summoned), 2 neutral white imps and 3
neutral ufetubi.

Vanquished Creatures
  An unseen horror (D:10)
  An orc sorcerer (Orc:2)
  Sigmund (D:2)
  A wraith (D:10)
  5 yaks
  A basilisk (D:9)
  A warg (D:10)
  An ice beast (D:7)
  8 orc warriors
  4 sky beasts
  7 ogres
  A black bear (D:6)
  A necrophage (D:10)
  3 centaurs
  2 phantoms (D:10)
  Blork the orc (Orc:2)
  5 scorpions (D:5)
  3 killer bees
  5 howler monkeys
  2 jellies
  A bullfrog skeleton (D:9)
  9 orc priests
  7 hounds
  Ijyb (D:3)
  A merfolk siren (Sewer)
  17 orc wizards
  4 worker ants
  A merfolk avatar (Sewer)
  A hound zombie (D:7)
  2 worker ant zombies
  9 adders
  2 river rats
  3 shadow imps
  3 white imps
  2 ufetubi
  3 adder skeletons
  5 dart slugs
  7 leopard geckos
  58 orcs
  7 ball pythons
  11 bats
  8 giant cockroaches
  3 hobgoblins (D:1)
  6 jackals
  8 kobolds
  4 quokkas
  8 frilled lizards
  7 goblins
  A leopard gecko skeleton (D:7)
  A leopard gecko zombie (D:6)
  29 rats
283 creatures vanquished.

Vanquished Creatures (others)
  2 orcs (Orc:2)
  A quokka (D:10)
  16 fungi (D:5)
  2 plants (D:4)
21 creatures vanquished.

Grand Total: 304 creatures vanquished

Notes
Turn   | Place    | Note
-------+----------+-------------------------------------------
     0 | Abyss:1  | shoop the Palentonga Abyssal Knight began the quest for the
                  | Orb.
     0 | Abyss:1  | Reached XP level 1. HP: 20/20 MP: 2/2
    22 | Abyss:1  | Found a corrupted altar of Lugonu.
    56 | Abyss:1  | Noticed a ynoxinul
    62 | Abyss:1  | Noticed a small abomination
    64 | Abyss:1  | Noticed an ancient zyme
    72 | Abyss:1  | Noticed a bone dragon
    95 | D:1      | Escaped the Abyss
   426 | D:1      | Reached XP level 2. HP: 12/27 MP: 3/3
   676 | D:1      | Reached * piety under Lugonu
   677 | D:1      | Reached skill level 3 in Axes
  1201 | D:2      | Reached XP level 3. HP: 32/33 MP: 4/4
  1460 | D:2      | Reached skill level 4 in Axes
  1882 | D:2      | Noticed Sigmund
  1910 | D:3      | Reached XP level 4. HP: 32/40 MP: 5/5
  2143 | D:3      | Noticed Ijyb
  2153 | D:3      | Killed Ijyb
  2620 | D:3      | Reached skill level 5 in Axes
  3062 | D:3      | Found a broken altar of Ashenzari.
  3191 | D:3      | Reached ** piety under Lugonu
  3409 | D:4      | Reached XP level 5. HP: 40/48 MP: 6/6
  3573 | D:4      | Reached skill level 6 in Axes
  3596 | D:4      | Found a sparkling altar of Nemelex Xobeh.
  3796 | D:4      | Reached XP level 6. HP: 38/54 MP: 7/7
  3905 | D:4      | Found a burning altar of Makhleb.
  3932 | D:4      | Noticed Eustachio
  4071 | D:2      | Killed Sigmund
  4072 | D:2      | Reached skill level 7 in Axes
  4152 | D:2      | Found a snail-covered altar of Cheibriados.
  4329 | D:2      | Found a shimmering blue altar of Sif Muna.
  4587 | D:4      | Found a blossoming altar of Fedhas.
  4588 | D:4      | Found a shimmering altar of Xom.
  4597 | D:4      | Found a burning altar of Makhleb.
  5067 | D:4      | Gained mutation: You curl defensively after being hit.
                  | [Palentonga growth]
  5067 | D:4      | Reached XP level 7. HP: 57/60 MP: 8/8
  5179 | D:5      | Entered Level 5 of the Dungeon
  5613 | D:5      | Found a glowing drain.
  5687 | Sewer    | Entered a sewer
  5904 | Sewer    | Reached *** piety under Lugonu
  5909 | Sewer    | Reached skill level 8 in Axes
  6237 | D:5      | Reached skill level 1 in Evocations
  6951 | D:5      | Reached XP level 8. HP: 64/67 MP: 8/10
  7153 | D:5      | Reached skill level 1 in Throwing
  7287 | D:5      | Reached skill level 9 in Axes
  7413 | D:6      | Reached **** piety under Lugonu
  8127 | D:6      | Reached skill level 5 in Invocations
  8429 | D:7      | Reached skill level 10 in Axes
  8824 | D:7      | Found a staircase to the Ecumenical Temple.
  8858 | D:7      | Reached XP level 9. HP: 42/73 MP: 9/13
  9956 | D:7      | Reached skill level 11 in Axes
 10577 | D:8      | Reached ***** piety under Lugonu
 10980 | D:9      | Found a transporter.
 11263 | D:9      | Noticed greynaab's ghost (novice GnAr)
 11264 | D:9      | Identified the +8 great mace of Inconvenience {spect,
                  | *Corrode rF++ Will+}
 11264 | D:9      | Noticed a two-headed ogre
 11699 | D:9      | Noticed a troll
 11740 | D:9      | Banished a troll
 12082 | D:9      | Noticed a troll
 12086 | D:9      | Banished a troll
 12139 | D:9      | Found a staircase to the Lair.
 12588 | D:9      | Found a transporter.
 12613 | D:9      | Found a bloodstained altar of Trog.
 12981 | D:10     | Entered Level 10 of the Dungeon
 12991 | D:10     | Noticed an unseen horror
 13005 | D:10     | Killed an unseen horror
 13006 | D:10     | Reached skill level 12 in Axes
 13006 | D:10     | Reached XP level 10. HP: 40/82 MP: 8/15
 13204 | D:10     | Found a portal to a secret trove of treasure.
 14320 | D:10     | Found a staircase to the Orcish Mines.
 14348 | D:10     | Found a transporter.
 14348 | D:10     | Noticed Grognak's ghost (journeyman OpCK)
 14349 | D:10     | Found a transporter.
 14834 | D:10     | Found a white marble altar of Elyvilon.
 15326 | D:11     | Noticed a cyan ugly thing
 15406 | Lair:1   | Entered Level 1 of the Lair of Beasts
 15407 | Lair:1   | Noticed a six-headed hydra
 15448 | D:9      | Reached skill level 13 in Axes
 15588 | D:10     | Banished a cyan ugly thing
 15615 | Orc:1    | Entered Level 1 of the Orcish Mines
 16331 | Orc:1    | Noticed a two-headed ogre
 16365 | Orc:1    | Banished a two-headed ogre
 16517 | Orc:2    | Entered Level 2 of the Orcish Mines
 16993 | Orc:2    | Found a staircase to the Elven Halls.
 17011 | Orc:2    | Noticed an ettin
 17012 | Orc:2    | Banished an ettin
 17013 | Orc:2    | Reached skill level 14 in Axes
 17013 | Orc:2    | Reached XP level 11. HP: 87/87 MP: 13/18
 17121 | Orc:2    | Reached skill level 10 in Invocations
 17305 | Orc:1    | Reached skill level 1 in Dodging
 17591 | Orc:2    | Noticed an orc sorcerer
 17609 | Orc:2    | Killed an orc sorcerer
 19228 | Orc:2    | Noticed Blork the orc
 19249 | Orc:2    | Killed Blork the orc
 19298 | Orc:2    | Noticed an orc knight
 19299 | Orc:2    | Noticed an orc high priest
 19300 | Orc:2    | Noticed Saint Roka
 19300 | Orc:2    | Noticed an orc sorcerer
 19300 | Orc:2    | Noticed an orc knight
 19300 | Orc:2    | Noticed an orc sorcerer
 19300 | Orc:2    | Noticed an orc knight
 19301 | Orc:2    | Corrupted Orc:2
 19301 | Orc:2    | Noticed a starcursed mass
 19301 | Orc:2    | Noticed a large abomination
 19301 | Orc:2    | Noticed a starcursed mass
 19303 | Orc:2    | Slain by an orc warrior

Illustrated notes

Levels and vault maps discovered:
D:1:      mainiacjoe_arrival_reflecting_pool, layout_basic
D:2:      layout_basic, nicolae_sif_muna_little_library, lemuel_doored_altar,
          uniq_sigmund
D:3:      layout_loops_ring, lemuel_round_altar, minmay_misc_feat_more_columns,
          minmay_bisected, uniq_ijyb
D:4:      layout_rooms, nemelex_xobeh_ov_fountains_minmay,
          gammafunk_temple_overflow_forgotten, makhleb_blood_cavern_becter,
          uniq_eustachio
D:5:      old_forge, layout_loops_ring, gup_sewer_entry_bowl
D:6:      layout_rooms
D:7:      layout_basic, minmay_temple_entry_wispy
D:8:      layout_gridville, tso_altar
D:9:      layout_stronghold, lair_entry_dummy, gammafunk_ghost_smash,
          basic_altar
D:10:     layout_roguey, orc_0_dummy, gammafunk_ghost_arena,
          nicolae_trove_entry_crystal, elyvilon_altar_4
D:11:     layout_basic, ebering_ghost_disaster_area, minivault_25_ag,
          minmay_misc_feat_rugged, uniq_nergalle
Lair:1:   layout_cave_pods, ebering_ghost_rock_garden, minmay_lair_oklob_items
Orc:1:    layout_caves
Orc:2:    grunt_orc_cross, layout_caves

Skill      XL: |  1  2  3  4  5  6  7  8  9 10 11 |
---------------+----------------------------------+-----
Axes           | 3 4 5 6 7 8 10 12 14 | 14.0
Evocations     | 1 2 |  2.8
Invocations    | 3 5 7 9 10 | 10.0
Throwing       | 1 |  1.0
Dodging        | 1 |  1.8
Fighting       | |  3.7
Armour         | |  1.5

Action                   |  1- 3 |  4- 6 |  7- 9 | 10-12 || total
-------------------------+-------+-------+-------+-------++-------
Melee: Hand axe          |    92 |   167 |   612 |   396 ||  1267
       Tailslap          |     8 |    12 |    64 |    50 ||   134
Throw: Dart              |       |     8 |    63 |    52 ||   123
Invok: Depart the Abyss  |     1 |       |       |       ||     1
       Bend Space        |       |     1 |    20 |    13 ||    34
       Banish            |       |       |     4 |     6 ||    10
       Corrupt           |       |       |       |     1 ||     1
 Abil: Rolling Charge    |    13 |     3 |    50 |    18 ||    84
Evoke: Wand              |       |       |     1 |     1 ||     2
  Use: Scroll            |       |       |    12 |     1 ||    13
 Stab: Sleeping          |       |       |     5 |       ||     5
       Distracted        |       |       |     1 |       ||     1
       Held in net/web   |       |       |     2 |       ||     2
Armor: Leather armour    |    37 |    43 |       |       ||    80
       Robe              |       |    10 |   284 |   114 ||   408
Dodge: Dodged            |    52 |    76 |   187 |    98 ||   413

Table legend: (Time is in decaauts)
 A = Elapsed time spent in this place.
 B = Non-inter-level travel time spent in this place.
 C = Inter-level travel time spent in this place.
 D = Time resting spent in this place.
 E = Time spent auto-exploring this place.
 F = Levels seen in this place.
 G = Mean time per level.
                   A        B        C        D        E       F      G
               +--------+--------+--------+--------+--------+-----+--------+
         Total |  19207 |  18355 |    852 |   3691 |  10972 |  16 | 1200.4 |
       Dungeon |  15347 |  14542 |    805 |   2246 |   9421 |  11 | 1395.2 |
          Lair |      3 |      3 |      0 |      0 |      0 |   1 |    3.0 |
  Orcish Mines |   3189 |   3142 |     47 |   1388 |   1237 |   2 | 1594.5 |
         Abyss |     95 |     95 |      0 |      0 |     50 |   1 |   95.0 |
         Sewer |    571 |    571 |      0 |     57 |    263 |   1 |  571.0 |
               +--------+--------+--------+--------+--------+-----+--------+

Top non-repeatable levels by time:
    D:10: 2425 daAuts
     D:9: 2051 daAuts
   Orc:2: 1923 daAuts
     D:5: 1794 daAuts
     D:7: 1788 daAuts
     D:3: 1631 daAuts
     D:2: 1368 daAuts
   Orc:1: 1265 daAuts
     D:1: 1146 daAuts
     D:8: 1113 daAuts
     D:6: 1034 daAuts
     D:4: 970 daAuts
   Sewer: 571 daAuts
 Abyss:1: 95 daAuts
    D:11: 23 daAuts
